Match 45106906
Unlisted

Match 45106906
End
Construct Section Command Post
Selects Heavy Armor Battlegroup
Infantry Section
Dingo Light Scout Car
Infantry Section
Selects Rigorous Vehicle Training
Dingo Light Scout Car
Construct Platoon Command Post
6-pounder Anti-tank Gun Team
Selects Forward Repair Assembly
CMP 15cwt Truck
Unlock M3 Stuart Light Tanks
Royal Engineer Section
M3 Stuart Light Tank
M3 Stuart Light Tank
Selects UNKNOWN (2162094)
Grenade Package
Construct Company Command Post
Selects Light Vehicle Withdraw and Refit
Selects UNKNOWN (202330)
Crusader AA Medium Tank
Selects Recon Artillery
Recon Artillery
6-pounder Anti-tank Gun Team
6-pounder Anti-tank Gun Team
Recon Artillery
Churchill IV Heavy Tank
Armored Vehicle Training
Crusader AA Medium Tank
Recon Artillery
Royal Engineer Section
SpookyMayo
TankerBoss
把对面当日本人打
Two Scars
Henk
water
Boat Goes Binted
Hirys it's Irys
0
0

Comments sign in to comment!

No comments posted yet!